 Dungeon Crawl Stone Soup version 0.31-a0-795-g5eb97db20b (webtiles) character file.

Game seed: 4891816496496823758

158 snarfax the Chopper (level 5, -11/50 HPs)
             Began as a Troll Fighter on Sept 18, 2023.
             Killed by divine providence
             ... invoked by an orc priest
              (13 damage)
             ... on level 3 of the Dungeon.
             The game lasted 00:03:04 (1621 turns).

snarfax the Chopper (Troll Fighter)                 Turns: 1621, Time: 00:03:06

Health: -11/50     AC:  8    Str: 26    XL:     5   Next: 16%
Magic:  4/4        EV:  8    Int:  4    God:
Gold:   73         SH:  7    Dex:  9    Spells: 4/4 levels left

rFire   . . .        a - +0 war axe
rCold   . . .        c - +0 kite shield
rNeg    . . .        b - +0 robe
rPois   .            (helmet restricted)
rElec   .            (no cloak)
rCorr   .            (gloves unavailable)
SInv    .            (boots unavailable)
Will    .....        (no amulet)
Stlth   +            g - +4 ring of protection
HPRegen 1.08/turn    (no ring)
MPRegen 0.09/turn

%: no passive effects
@: mighty
A: large, unfitting armour, claws 3, regeneration 1, shaggy fur 1, tough skin 1
a: no special abilities


You were on level 3 of the Dungeon.
You visited 1 branch of the dungeon, and saw 3 of its levels.

You collected 73 gold pieces.

Inventory:

Hand Weapons
 a - a +0 war axe (weapon)
Missiles
 i - 4 boomerangs
Armour
 b - a +0 robe (worn)
 c - a +0 kite shield (worn)
Jewellery
 g - a +4 ring of protection (left claw)
Scrolls
 e - 4 scrolls of poison {unknown}
 f - a scroll of fog {unknown}
 h - 3 scrolls of teleportation {unknown}
 k - a scroll of identify {unknown}
 n - 3 scrolls of vulnerability {unknown}
 o - a scroll of noise {unknown}
 p - a scroll of fear {unknown}
 q - 3 scrolls of butterflies {unknown}
Potions
 j - a potion of attraction {unknown}
 l - a potion of invisibility {unknown}
 m - a potion of enlightenment {unknown}


   Skills:
 - Level 2.4 Fighting
 + Level 4.5 Axes
 - Level 2.4 Dodging
 - Level 2.6 Shields


You had 4 spell levels left.
You didn't know any spells.
Your spell library contained the following spells:

 Spells                   Type           Power      Damage    Failure   Level
 Apportation              Tloc           0%         N/A       77%         1
 Necrotise                Necr           0%         1d4       77%         1
 Summon Small Mammal      Summ           0%         N/A       77%         1
 Gell's Gravitas          Tloc           0%         N/A       98%         3
 Teleport Other           Tloc           0%         N/A       98%         3
 Dispersal                Tloc           0%         N/A       100%        6


Dungeon Overview and Level Annotations

Branches:
Dungeon (3/15)

Altars:
Cheibriados
Qazlal


Innate Abilities, Weirdness & Mutations

You are too large for most types of armour.
You have claws for hands.
Your natural rate of healing is unusually fast.
You are covered in fur. (AC +1)
You have tough skin. (AC +1)


Message History

The orc priest mumbles some strange prayers to Beogh against you.
Beogh smites you!
The orc wizard hits you but does no damage.
You barely miss the orc wizard.
The orc wizard hits you but does no damage.
You feel very mighty all of a sudden. The orc wizard barely misses you.
You closely miss the orc wizard.
The orc wizard hits you but does no damage. x2
You barely miss the orc wizard.
The orc wizard hits you with a +0 dagger.
You slash the orc wizard!
The orc wizard is severely wounded.
The orc wizard barely misses you.
You slice the orc wizard!!
You kill the orc wizard!
You block the orc priest's attack.
You barely miss the orc priest.
The orc priest hits you but does no damage.
You slash the orc priest!
The orc priest is heavily wounded.
The orc priest barely misses you.
The orc priest mumbles some strange prayers to Beogh against you.
Beogh smites you!
* * * LOW HITPOINT WARNING * * *
The orc priest hits you but does no damage.
You slash the orc priest!
You kill the orc priest!
You have reached level 5!
You slash the orc priest!
The orc priest is heavily wounded.
You block the orc priest's attack.
You hit the orc priest.
The orc priest is almost dead.
The orc priest invokes the aid of Beogh against you.
Beogh smites you!
* * * LOW HITPOINT WARNING * * *
The orc priest invokes the aid of Beogh against you.
Beogh smites you!
You die...

#..†.......#
#.########.#
#.# #.# #.#
#.# #.#
#.#### #.#
#.#...
#####.#
#)#...
#.....#
##.....
##@####
#...... #o#
#..#... #{#
###.>#...
#o#
#....#...
#.#
#....#...
#.#
#....#...
#.#
#........
#.#
#........
#........


You could see an orc priest and an orc.

Vanquished Creatures
  An orc priest (D:3)
  An iguana (D:2)
  An orc wizard (D:3)
  2 adders
  2 worms (D:2)
  A dart slug (D:3)
  An orc (D:3)
  4 endoplasms
  2 giant cockroaches (D:1)
  6 goblins
  4 hobgoblins
  3 jackals (D:1)
  2 quokkas
  A ball python (D:3)
  8 bats
  2 frilled lizards
  8 kobolds
  3 rats
52 creatures vanquished.

Notes
Turn   | Place    | Note
-------+----------+-------------------------------------------
     0 | D:1      | snarfax the Troll Fighter began the quest for the Orb.
     0 | D:1      | Reached XP level 1. HP: 22/22 MP: 0/0
     3 | D:1      | Noticed an electric eel
    59 | D:1      | Reached skill level 2 in Axes
    88 | D:1      | Reached XP level 2. HP: 27/29 MP: 1/1
   733 | D:2      | Reached XP level 3. HP: 36/36 MP: 2/2
   752 | D:2      | Found a faded altar of an unknown god.
   759 | D:2      | Reached skill level 3 in Axes
   771 | D:2      | You fall into a shaft and drop 1 floor!
   794 | D:3      | Noticed a fire elemental
   800 | D:3      | Found a stormy altar of Qazlal.
   802 | D:3      | Noticed a water elemental
   802 | D:3      | Noticed an air elemental
   802 | D:3      | Noticed an earth elemental
   942 | D:2      | Reached XP level 4. HP: 39/44 MP: 3/3
  1026 | D:2      | Found a snail-covered altar of Cheibriados.
  1580 | D:3      | Reached skill level 4 in Axes
  1620 | D:3      | Reached XP level 5. HP: 15/50 MP: 4/4
  1621 | D:3      | HP: 2/50 [orc priest/divine providence (16)]
  1621 | D:3      | Killed from afar by an orc priest

Illustrated notes

Levels and vault maps discovered:
D:1:      arrival_aquarium_a, layout_loops_ring, dk_noncrumbling_2, hex_tiny,
          skrybe_limestone_x
D:2:      layout_basic, basic_ecumenical_altar, basic_altar,
          kennysheep_nondescript, minmay_misc_feat_iff
D:3:      minmay_razor_zed, layout_basic, nicolae_qazlal_style_of_elements,
          cheibrodos_gnoll_hut, uniq_terence

Skill      XL: |  1  2  3  4 |
---------------+-------------+-----
Axes           | 2 3 4 |  4.5
Fighting       | |  2.4
Dodging        | |  2.4
Shields        | |  2.6

Action                     |  1- 3 |  4- 6 || total
---------------------------+-------+-------++-------
  Melee: War axe           |    89 |    64 ||   153
    Use: Potion            |       |     1 ||     1
 Armour: Robe              |    72 |    37 ||   109
  Dodge: Dodged            |    44 |    17 ||    61
  Block: Kite shield       |    35 |    19 ||    54

Table legend: (Time is in decaauts)
 A = Elapsed time spent in this place.
 B = Non-inter-level travel time spent in this place.
 C = Inter-level travel time spent in this place.
 D = Time resting spent in this place.
 E = Time spent auto-exploring this place.
 F = Levels seen in this place.
 G = Mean time per level.
                   A        B        C        D        E       F      G
               +--------+--------+--------+--------+--------+-----+--------+
         Total |   1691 |   1641 |     50 |      0 |   1230 |   3 |  563.7 |
       Dungeon |   1691 |   1641 |     50 |      0 |   1230 |   3 |  563.7 |
               +--------+--------+--------+--------+--------+-----+--------+

Top non-repeatable levels by time:
     D:1: 752 daAuts
     D:2: 553 daAuts
     D:3: 385 daAuts
